 Dungeon Crawl Stone Soup version 0.18.1-1-g2f07953 (webtiles) character file.

161 Danakh the Chopper (level 5, -1/39 HPs)
             Began as a Demonspawn Gladiator on May 17, 2016.
             Was an Initiate of Dithmenos.
             Slain by Grinder (5 damage)
             ... on level 3 of the Dungeon.
             The game lasted 00:05:09 (3025 turns).

Danakh the Chopper (Demonspawn Gladiator)           Turns: 3025, Time: 00:05:10

Health: -1/39      AC:  7    Str: 15    XL:     5   Next: 18%
Magic:  5/5        EV: 11    Int: 10    God:    Dithmenos [......]
Gold:   177        SH:  8    Dex: 18    Spells: 0 memorised, 4 levels left

rFire  . . .     SeeInvis .     a - +0 war axe
rCold  . . .     Gourm    .     b - +0 leather armour
rNeg   . . .     Faith    .     n - +0 shield
rPois  .         Spirit   .     c - +0 helmet
rElec  .         Dismiss  .     (no cloak)
rCorr  .         Reflect  .     j - +0 pair of gloves
SustAt .         Harm     .     q - +1 pair of boots
MR     .....                    (no amulet)
Stlth  +++.......               (no ring)
                                (no ring)

@: not resistant to hostile enchantments, fairly stealthy
A: thin skeletal structure 2, powered by pain 1
a: Renounce Religion


You were on level 3 of the Dungeon.
You worshipped Dithmenos.
Dithmenos was noncommittal.
You were not hungry.

You visited 1 branch of the dungeon, and saw 3 of its levels.

You collected 177 gold pieces.

Inventory:

Hand Weapons
 a - a +0 war axe (weapon)
Missiles
 d - 3 throwing nets (quivered)
Armour
 b - a +0 leather armour (worn)
 c - a +0 helmet (worn)
 j - a +0 pair of gloves (worn)
 n - a +0 shield (worn)
 q - a +1 pair of boots (worn)
Jewellery
 l - a cursed -3 ring of dexterity {unknown}
Scrolls
 e - 5 scrolls of identify {unknown}
 h - a scroll of immolation {unknown}
 m - a scroll of magic mapping {unknown}
 o - a scroll of fear {unknown}
 p - 2 scrolls of teleportation {unknown}
 s - a scroll of remove curse {unknown}
Potions
 g - 3 potions of agility {unknown}
 i - 2 potions of heal wounds {unknown}
 r - a potion of might {unknown}
 t - a potion of ambrosia {unknown}
 u - a potion of curing {unknown}
 w - a potion of lignification {unknown}
Comestibles
 f - 3 bread rations
 k - 2 meat rations


   Skills:
 + Level 2.6 Fighting
 * Level 3.5 Axes
 - Level 1.7 Throwing
 + Level 1.6 Armour
 + Level 3.3 Dodging
 + Level 1.1 Stealth
 + Level 1.4 Shields


You had 4 spell levels left.
You didn't know any spells.

Dungeon Overview and Level Annotations

Branches:
Dungeon (3/15)

Altars:
Dithmenos
Nemelex Xobeh
Pakellas
Sif Muna
Yredelemnul
Zin
The Shining One

Annotations:
D:3 Grinder


Innate Abilities, Weirdness & Mutations

You have a moderately thin skeletal structure (Dex +4, Stealth+).
You sometimes gain a little power by taking damage.


Message History

Your shield prevents you from hitting Grinder.
Grinder is lightly wounded.
Grinder gestures at you.
You suddenly lose the ability to move!
Grinder hits you.
You writhe in agony.
Grinder blinks!
Grinder hits you.
You writhe in agony.
* * * LOW HITPOINT WARNING * * *
Grinder hits you but does no damage.
Grinder blinks!
You can move again.
Your shield prevents you from hitting Grinder.
Grinder is lightly wounded.
Grinder hits you.
* * * LOW HITPOINT WARNING * * *
You writhe in agony.
* * * LOW HITPOINT WARNING * * *
You completely miss Grinder.
Grinder is lightly wounded.
Grinder hits you.
You die...

# #.# #.......###...## #.# #
#.#################..##.####.##
###...........#######..........<.
...........##.........###....##..
######........(..#####...###...._
#.###.##.##.# ##..# #..... #.#
#.##.##.# #..# #..... #)#
#.##.##5# #..# #._..8 #.#
#.##.##@# #..# #..... #.#
#....##.# #..# ##._..
###.######.##.# ###..## #..._
#..........##.# #.....# ###..
#.#.#########.# #.#...####..#
#.#... ..# #.#..........
####.##### ### #.##....##...
#.......# #.....#.##.## #.##.##.#
############.##.#


You could see Grinder.

Vanquished Creatures
  Jessica (D:3)
  5 adders
  2 oozes (D:2)
  4 worms (D:3)
  A dart slug (D:1)
  2 giant geckos (D:3)
  5 orcs (D:3)
  A giant cockroach (D:1)
  3 goblins
  5 hobgoblins
  11 jackals
  3 quokkas (D:3)
  A ball python (D:3)
  4 bats
  4 giant newts
  4 kobolds
  7 rats
63 creatures vanquished.

Notes
Turn   | Place    | Note
--------------------------------------------------------------
     0 | D:1      | Danakh the Demonspawn Gladiator began the quest for the Orb.
     0 | D:1      | Reached XP level 1. HP: 16/16 MP: 1/1
     5 | D:1      | Noticed an electric eel
   188 | D:1      | Gained mutation: You sometimes gain a little power by taking damage. [demonic ancestry]
   188 | D:1      | Reached XP level 2. HP: 21/22 MP: 2/2
   807 | D:2      | Gained mutation: You have a somewhat thin skeletal structure (Dex +2, Stealth). [demonic ancestry]
   807 | D:2      | Reached XP level 3. HP: 15/27 MP: 3/3
  1222 | D:2      | Reached skill level 1 in Armour
  1234 | D:2      | Reached skill level 1 in Shields
  1448 | D:2      | Gained mutation: You have a moderately thin skeletal structure (Dex +4, Stealth+). [demonic ancestry]
  1448 | D:2      | Reached XP level 4. HP: 32/34 MP: 4/4
  1910 | D:3      | Noticed Jessica
  1918 | D:3      | Killed Jessica
  2190 | D:3      | Reached skill level 1 in Stealth
  2388 | D:3      | Found a basalt altar of Yredelemnul.
  2405 | D:3      | Found an oddly glowing altar of Pakellas.
  2405 | D:3      | Found a shadowy altar of Dithmenos.
  2407 | D:3      | Found a sparkling altar of Nemelex Xobeh.
  2409 | D:3      | Found a deep blue altar of Sif Muna.
  2410 | D:3      | Found a glowing silver altar of Zin.
  2410 | D:3      | Found a glowing golden altar of the Shining One.
  2414 | D:3      | Became a worshipper of Dithmenos the Shadowed
  2418 | D:3      | Reached XP level 5. HP: 20/39 MP: 5/5
  3006 | D:3      | Noticed Grinder
  3017 | D:3      | Paralysed by Grinder for 7 turns
  3025 | D:3      | Slain by Grinder

Skill      XL: |  1  2  3  4 |
---------------+-------------+-----
Dodging        | 3 |  3.3
Axes           | 3 |  3.5
Armour         | 1 |  1.6
Shields        | 1 |  1.4
Stealth        | 1 |  1.1
Fighting       | |  2.6
Throwing       | |  1.7

Action                   |  1- 3 |  4- 6 || total
-------------------------+-------+-------++-------
Melee: War axe           |    79 |   106 ||   185
 Stab: Sleeping          |     3 |     7 ||    10
  Eat: Chunk             |     2 |     5 ||     7
Armor: Leather armour    |    29 |    38 ||    67
Dodge: Dodged            |    50 |    57 ||   107
Block: Shield            |    19 |    55 ||    74
